 Dungeon Crawl Stone Soup version 0.28.0-53-g5a82cb258f (webtiles) character file.

Game seed: 660616369834185111

53 jjjjhere the Sneak (level 4, -9/25 HPs)
             Began as a Kobold Artificer on Aug 13, 2022.
             Mangled by Terence
             ... wielding a +0 flail
              (13 damage)
             ... on level 1 of the Dungeon.
             The game lasted 00:02:30 (1560 turns).

jjjjhere the Sneak (Kobold Artificer)               Turns: 1560, Time: 00:02:31

Health: -9/25      AC:  3    Str:  9    XL:     4   Next: 10%
Magic:  4/4        EV: 14    Int: 12    God:
Gold:   44         SH:  0    Dex: 17    Spells: 3/3 levels left

rFire   . . .      SeeInvis .   b - +0 dagger
rCold   . . .      Faith    .   (no shield)
rNeg    . . .      Spirit   .   f - +0 leather armour
rPois   .          Reflect  .   (no helmet)
rElec   .          Harm     .   (no cloak)
rCorr   .          Rampage  .   (no gloves)
Will    .....                   (no boots)
Stlth   +++.......              (no amulet)
HPRegen 0.08/turn               (no ring)
MPRegen 0.09/turn               (no ring)

@: no status effects
A: small, no large weapons, nightstalker 3
a: no special abilities


You were on level 1 of the Dungeon.
You visited 1 branch of the dungeon, and saw 2 of its levels.

You collected 44 gold pieces.

Inventory:

Hand Weapons
 a - a +4 hunting sling
 b - a +0 dagger (weapon)
 k - a +0 club
Armour
 f - a +0 leather armour (worn)
Wands
 c - a wand of flame (13) (quivered)
 d - a wand of charming (15)
Scrolls
 g - a scroll of fear {unknown}
 i - 2 scrolls of teleportation {unknown}
Potions
 h - 2 potions of invisibility {unknown}
 j - a potion of might {unknown}
Miscellaneous
 e - a piece from Xom's chessboard (10/15)


   Skills:
 - Level 1.3 Fighting
 + Level 2.7 Short Blades
 - Level 0.7 Armour
 - Level 2.4 Dodging
 + Level 3.9 Stealth
 - Level 3.6 Evocations


You had 3 spell levels left.
You didn't know any spells.
Your spell library was empty.

Dungeon Overview and Level Annotations

Branches:
Dungeon (2/15)

Altars:

Shops:
D:1 [   D:2 [

Annotations:
D:1 Terence
D:2 Robin


Innate Abilities, Weirdness & Mutations

You are small and have problems with some larger weapons.
You are completely attuned to the shadows.


Message History

You hit the goblin but do no damage.
The goblin is moderately wounded.
The goblin closely misses you.
You hit the goblin but do no damage.
The goblin is moderately wounded.
You completely miss the goblin.
The goblin is moderately wounded.
The goblin hits you with a +0 club.
Terence shouts!
You hit the goblin.
You kill the goblin!
Things that are here:
a +0 club; a +0 hunting sling; 13 sling bullets Terence closely misses you.
Things that are here:
a +0 club; a goblin corpse Terence hits you with a +0 flail.
You make a move on Xom's chessboard...
The goblin struggles to resist.
Terence hits you with a +0 flail!
* * * LOW HITPOINT WARNING * * *
You make a move on Xom's chessboard...
The goblin seems to speed up.
Terence says, "How do you enjoy it?" Terence closely misses you.
You see here a +0 hunting sling.
Terence says, "Time to say good-bye..."
You see here an adder corpse.
There is a stone staircase leading up here.
Terence completely misses you.
You climb upwards.
There is a stone staircase leading down here.
Unknown command.
You make a move on Xom's chessboard...
Terence seems to grow stronger.
Terence misses you.
You make a move on Xom's chessboard...
Terence twists and deforms.
Terence hits you with a +0 flail.
* * * LOW HITPOINT WARNING * * *
You make a move on Xom's chessboard...
Nothing appears to happen.
Terence hits you with a +0 flail!
Ouch! That really hurt!
You die...

###'## #...# ###'##
#.#+# .....# #.#.#
.....#########.#.#
.....'.........#∩###
.....###.........'.#
.....# #.###.....'.#
...### #.#....##@#.#
##.# #.#.##.##@#.#
#.# #......##.#.#
#.# ###.#####'#.#
##.# #.# #.#.# ##)#
#.# #.#.# .#.### #.#
#...# #....#####.#
##### ####....##.#
####.##.##.#


You could see Terence (strong, misshapen).

Vanquished Creatures
  2 adders (D:2)
  A dart slug (D:1)
  5 ball pythons
  A bat (D:1)
  2 endoplasms (D:1)
  A giant cockroach (D:1)
  10 goblins
  A hobgoblin (D:2)
  3 kobolds
  2 frilled lizards
  2 rats (D:1)
30 creatures vanquished.

Notes
Turn   | Place    | Note
-------+----------+-------------------------------------------
     0 | D:1      | jjjjhere the Kobold Artificer began the quest for the Orb.
     0 | D:1      | Reached XP level 1. HP: 12/12 MP: 1/1
   103 | D:1      | Reached XP level 2. HP: 11/16 MP: 2/2
   230 | D:1      | Reached skill level 1 in Short Blades
   461 | D:1      | Reached XP level 3. HP: 9/20 MP: 3/3
   893 | D:1      | Found Juonapux's Antique Armour Boutique.
  1465 | D:2      | Noticed Robin
  1467 | D:2      | Noticed Terence
  1486 | D:2      | Reached XP level 4. HP: 25/25 MP: 4/4
  1527 | D:2      | HP: 7/25 [Terence/+0 flail (7)]
  1559 | D:1      | HP: 4/25 [Terence/+0 flail (6)]
  1560 | D:1      | Mangled by Terence

Illustrated notes

Levels and vault maps discovered:
D:1:      dpeg_arrival_round_c, layout_basic, serial_shops,
          nicolae_shop_hallway_stairs
D:2:      layout_loops_ring, hellmonk_ecumenical_altar_inner_sanctum,
          uniq_terence, uniq_robin

Skill      XL: |  1  2  3 |
---------------+----------+-----
Stealth        | 2 3 |  3.9
Short Blades   | 1 2 |  2.7
Fighting       | |  1.3
Armour         | |  0.7
Dodging        | |  2.4
Evocations     | |  3.6

Action                   |  1- 3 |  4- 6 || total
-------------------------+-------+-------++-------
Melee: Club              |    21 |       ||    21
       Dagger            |    65 |    20 ||    85
       Punch             |     2 |     2 ||     4
Evoke: Wand              |     2 |       ||     2
       Piece from Xom's  |       |     5 ||     5
 Stab: Sleeping          |    20 |       ||    20
Armor: Leather armour    |    27 |     2 ||    29
Dodge: Dodged            |    62 |    16 ||    78
